 Dungeon Crawl Stone Soup version 0.18-a0-1539-g1c7284a (webtiles) character file.

30 M4edhros the Sneak (level 3, -1/23 HPs)
             Began as an Octopode Artificer on Mar 9, 2016.
             Slain by a kobold
             ... wielding a +0 short sword
              (6 damage)
             ... on level 2 of the Dungeon.
             The game lasted 00:01:14 (821 turns).

M4edhros the Sneak (Octopode Artificer)              Turns: 821, Time: 00:01:14

Health: -1/23      AC:  1    Str: 10    XL:     3   Next: 20%
Magic:  5/5        EV: 12    Int: 14    God:
Gold:   59         SH:  0    Dex: 16    Spells: 0 memorised, 2 levels left

rFire  . . .     SeeInvis .     (no weapon)
rCold  . . .     Gourm    .     (no shield)
rNeg   . . .     Faith    .     (helmet restricted)
rPois  .         Spirit   .     (no amulet)
rElec  .         Dismiss  .     s - +3 ring of dexterity
rCorr  .         Reflect  .     (no ring)
SustAt .         Harm     .     (no ring)
MR     .....                    (no ring)
Stlth  ++++......               (no ring)
                                (no ring)
                                (no ring)
                                (no ring)

@: lethally poisoned (-1 -> -3), not resistant to hostile enchantments, stealthy
A: almost no armour, amphibious, 8 rings, constrict 8, camouflage 1, gelatinous
body 1
a: no special abilities


You were on level 2 of the Dungeon.
You were not hungry.

You visited 1 branch of the dungeon, and saw 2 of its levels.

You collected 59 gold pieces.

Inventory:

Missiles
 a - 74 stones (quivered)
 e - 11 exploding sling bullets
 q - 29 sling bullets
Jewellery
 s - a +3 ring of dexterity (left tentacle)
Wands
 b - a wand of flame (13/48)
 c - a wand of enslavement (15/24)
 d - a wand of random effects (15/48)
Scrolls
 h - a scroll of identify {unknown}
 n - 3 scrolls of remove curse {unknown}
 p - 3 scrolls of recharging {unknown}
Potions
 j - a potion of flight {unknown}
 l - a potion of degeneration {unknown}
 o - a potion of heal wounds {unknown}
Comestibles
 f - a bread ration
 g - a fruit
 i - a royal jelly
 k - a meat ration
 m - 2 slices of pizza
 r - 2 chunks of flesh


   Skills:
 - Level 1.0 Fighting
   Level 1.0 Short Blades
 - Level 2.0 Dodging
 + Level 4.4 Stealth
 - Level 3.2 Evocations


You had 2 spell levels left.
You didn't know any spells.

Dungeon Overview and Level Annotations

Branches:
Dungeon (2/15)

Altars:
Vehumet


Innate Abilities, Weirdness & Mutations

You cannot wear most types of armour.
You are amphibious.
You can wear up to eight rings at the same time.
You can use your tentacles to constrict eight enemies at once.
Your skin changes colour to match your surroundings (Stealth).
Your rubbery body absorbs attacks (AC +1).


Message History

You feel sick.
The goblin shouts!
The kobold shouts!
You tentacle-slap the goblin. Your grab misses the goblin.
The goblin is heavily wounded.
The goblin closely misses you.
You closely miss the goblin. You grab the goblin.
The goblin is heavily wounded.
You constrict the goblin.
You kill the goblin!
The kobold throws a stone.
The stone hits you but does no damage.
Things that are here:
a stone; 9 gold pieces; a goblin corpse You feel sick.
The kobold throws a stone.
The stone closely misses you. The kobold hits you with a short sword.
* * * LOW HITPOINT WARNING * * *
You are too injured to fight recklessly!
You tentacle-slap the kobold. Your grab misses the kobold.
The kobold is severely wounded.
The kobold hits you with a short sword.
You die...

8.###
#.#.###########
#.#.##......<.#
##.#.##........#
#!.#...........#
8(#.##........#
#K#.###..######
#@#....§..#
##.#...§.§.#
#$(#...._..#
#8.#...§§§.#
##.#.#...§.#
#.#.##.##.#
##(#.# ....#
#..#.# .###
#8...#


You could see a kobold.

Vanquished Creatures
  An adder (D:2)
  2 dart slugs
  A giant gecko (D:1)
  2 goblins
  3 hobgoblins (D:1)
  3 kobolds (D:1)
  5 rats (D:1)
17 creatures vanquished.

Notes
Turn   | Place    | Note
--------------------------------------------------------------
     0 | D:1      | M4edhros the Octopode Artificer began the quest for the Orb.
     0 | D:1      | Reached XP level 1. HP: 13/13 MP: 3/3
   165 | D:1      | Reached skill level 2 in Stealth
   224 | D:1      | Reached skill level 3 in Stealth
   224 | D:1      | Reached XP level 2. HP: 15/18 MP: 4/4
   710 | D:2      | Found a radiant altar of Vehumet.
   808 | D:2      | Reached skill level 4 in Stealth
   808 | D:2      | Reached XP level 3. HP: 11/23 MP: 5/5
   821 | D:2      | Slain by a kobold

Vault maps used:
D:1:      matt_arrival_grand_opening
D:2:      wad_river_or_something, grunt_temple_overflow_open,
          fiery_altar_vehumet, first_bread, serial_curves, eino_curves_04,
          eino_curves_04

Skill      XL: |  1  2 |
---------------+-------+-----
Stealth        | 3 4 |  4.4
Fighting       | |  1.0
Short Blades   | |  1.0
Dodging        | |  2.0
Evocations     | |  3.2

Action                   || total
-------------------------++-------
Melee: Unarmed           ||    44
Evoke: Wand              ||     2
 Stab: Sleeping          ||     6
